 Dungeon Crawl Stone Soup version 0.19-a0-944-gb338e1e (webtiles) character file.

22 Implojin the Ruffian (level 2, 0/29 HPs)
             Began as a Troll Fighter on July 9, 2016.
             Slain by a worm (9 damage)
             ... on level 3 of the Dungeon.
             The game lasted 00:01:12 (269 turns).

Implojin the Ruffian (Troll Fighter)                 Turns: 269, Time: 00:01:13

Health: 0/29       AC:  5    Str: 23    XL:     2   Next: 68%
Magic:  1/1        EV:  8    Int:  4    God:
Gold:   24         SH:  8    Dex:  9    Spells: 0 memorised, 1 level left

rFire  . . .     SeeInvis .       - Unarmed
rCold  . . .     Gourm    +     a - +0 robe
rNeg   . . .     Faith    .     b - +0 shield
rPois  .         Spirit   .     (helmet restricted)
rElec  .         Dismiss  .     (no cloak)
rCorr  .         Reflect  .     (gloves unavailable)
SustAt .         Harm     .     (boots unavailable)
MR     .....                    h - amulet of inaccuracy (curse)
Stlth  +.........               (no ring)
                                (no ring)

@: lethally poisoned (0 -> 0), not resistant to hostile enchantments, very
unstealthy
A: unfitting armour, claws 3, fast metabolism 3, gourmand, regeneration 2,
shaggy fur 1, tough skin 2
a: no special abilities


You were on level 3 of the Dungeon.
You were not hungry.

You visited 1 branch of the dungeon, and saw 3 of its levels.

You collected 24 gold pieces.

Inventory:

Armour
 a - a +0 robe (worn)
 b - a +0 shield (worn)
Jewellery
 g - an uncursed amulet of dismissal
 h - a cursed amulet of inaccuracy (around neck)
Scrolls
 e - a scroll of blinking {unknown}
Potions
 c - a potion of might
 f - 2 potions of brilliance {unknown}
Comestibles
 d - 2 bread rations


   Skills:
 - Level 2.4 Fighting
 - Level 2.4 Dodging
 - Level 2.4 Shields
 * Level 3.3 Unarmed Combat


You had one spell level left.
You didn't know any spells.

Dungeon Overview and Level Annotations

Branches:
Dungeon (3/15)

Altars:


Innate Abilities, Weirdness & Mutations

You are too large for most types of armour.
You have claws for hands.
Your metabolism is lightning-fast.
You like to eat raw meat.
You heal very quickly.
You are covered in fur. (AC +1)
You have very tough skin. (AC +2)


Message History

You feel sick. You block the adder's attack. The hobgoblin barely misses you.
You completely miss the adder.
The adder is heavily wounded.
You feel sick. You block the adder's attack. You block the hobgoblin's attack.
Unknown command.
You barely miss the adder.
The adder is heavily wounded.
You feel sick. You block the adder's attack.
The hobgoblin hits you but does no damage.
You block the adder's attack.
You completely miss the adder.
The adder is heavily wounded.
You feel sick. The adder barely misses you. The hobgoblin hits you with a club.
* * * LOW HITPOINT WARNING * * *
Found 9 gold pieces.
You feel sick. You block the adder's attack.
You feel sick.
You feel sick. You block the adder's attack.
You claw the adder!
You kill the adder!
Your Unarmed Combat skill increases to level 3!
You barely miss the hobgoblin.
You feel sick. You block the hobgoblin's attack.
You scratch the hobgoblin.
You kill the hobgoblin!
You feel sick.
Things that are here:
a club; a hobgoblin corpse You scratch the worm.
The worm is moderately wounded.
You block the worm's attack.
You claw the worm!
The worm is almost dead.
You block the worm's attack.
You closely miss the worm.
The worm is almost dead.
You feel sick.
You completely miss the worm.
The worm is almost dead.
The worm bites you!
You die...

##.# #.# #.# ##.## ####
#.<.# ## #..# ##..# $...
#..# ##..#######...## #..#
#...#....)......
#..##########...@w.......$..
#)...........)..#...........
#.......#.##..#######.#.....
#.........##.## .#...#.
############.# .# ..# #.# .#
.# #.# .# .# #.# #.#


You could see a worm.

Vanquished Creatures
  An adder (D:3)
  A worm (D:2)
  A giant cockroach (D:2)
  A goblin (D:2)
  2 hobgoblins (D:3)
  3 kobolds (D:3)
9 creatures vanquished.

Notes
Turn   | Place    | Note
-------+----------+-------------------------------------------
     0 | D:1      | Implojin the Troll Fighter began the quest for the Orb.
     0 | D:1      | Reached XP level 1. HP: 22/22 MP: 0/0
   189 | D:3      | Reached XP level 2. HP: 29/29 MP: 1/1
   262 | D:3      | Reached skill level 3 in Unarmed Combat
   269 | D:3      | Slain by a worm

Vault maps used:
D:1:      onia_arrival_mini_spirals
D:2:      first_bread, minivault_25
D:3:      lightli_sewer_entry_pipes

Skill      XL: |  1  2 |
---------------+-------+-----
Unarmed Combat | 3 |  3.3
Fighting       | |  2.4
Dodging        | |  2.4
Shields        | |  2.4

Action                   || total
-------------------------++-------
Melee: Unarmed           ||    44
  Use: Scroll            ||     1
  Eat: Chunk             ||     3
Armor: Robe              ||    11
Dodge: Dodged            ||    11
Block: Shield            ||    23

Table legend:
 A = Turns spent in this place as a percentage of turns spent in the entire game.
 B = Non-inter-level travel turns spent in this place as a percentage of non-inter-level travel turns spent in the entire game.
 C = Inter-level travel turns spent in this place as a percentage of turns spent in this place.
 D = Turns resting spent in this place as a percentage of non-inter-level travel turns spent in this place.
 E = Turns spent auto-exploring this place as a percentage of non-inter-level travel turns spent in this place.
 F = Non-inter-level travel turns spent in this place divided by the number of levels of this place that you've seen.
                   A       B       C       D       E      F
               +-------+-------+-------+-------+-------+----------------------
         Total | 100.0 | 100.0 |   0.0 |   0.0 |   0.0 |  88.7
       Dungeon | 100.0 | 100.0 |   0.0 |   0.0 |   0.0 |  88.7
               +-------+-------+-------+-------+-------+----------------------

Table legend:
 A = Kills in this place as a percentage of kills in entire the game.
 B = Kills by you in this place as a percentage of kills by you in the entire game.
 C = Kills by friends in this place as a percentage of kills by friends in the entire game.
 D = Other kills in this place as a percentage of other kills in the entire game.
 E = Experience gained in this place as a percentage of experience gained in the entire game.
 F = Experience gained in this place divided by the number of levels of this place that you have seen.
                   A       B       C       D       E      F
               +-------+-------+-------+-------+-------+----------------------
         Total | 100.0 | 100.0 |  -nan |  -nan | 100.0 |  10.7
       Dungeon | 100.0 | 100.0 |  -nan |  -nan | 100.0 |  10.7
               +-------+-------+-------+-------+-------+----------------------
